 Dungeon Crawl Stone Soup version 0.29-a0-96-g93358da72b (webtiles) character file.

Game seed: 6719789982520896369

490 Grim the Archer (level 6, 50/50 HPs)
             Began as a Minotaur Hunter on Feb 13, 2022.
             Quit the game on level 4 of the Dungeon.
             The game lasted 00:05:32 (2721 turns).

Grim the Archer (Minotaur Hunter)                   Turns: 2721, Time: 00:05:32

Health: 50/50      AC: 11    Str: 17    XL:     6   Next: 90%
Magic:  5/5        EV:  4    Int:  8    God:
Gold:   156        SH:  5    Dex: 12    Spells: 5/5 levels left

rFire   . . .      SeeInvis .   b - +2 trident (freeze)
rCold   . . .      Faith    .   q - +2 buckler
rNeg    . . .      Spirit   .   f - +0 plate armour
rPois   .          Reflect  .   (helmet restricted)
rElec   .          Harm     .   (no cloak)
rCorr   .          Rampage  .   j - +0 pair of gloves
Will    .....                   (no boots)
Stlth   ..........              (no amulet)
HPRegen 0.16/turn               m - +4 ring of slaying
MPRegen 0.09/turn               (no ring)

@: no status effects
A: horns 2, retaliatory headbutt
a: no special abilities


You were on level 4 of the Dungeon.
You visited 1 branch of the dungeon, and saw 4 of its levels.

You collected 156 gold pieces.

Inventory:

Hand Weapons
 a - a +1 shortbow
 b - a +2 trident of freezing (weapon)
 k - a +0 short sword
Missiles
 d - 22 arrows
 e - 2 poisoned darts (quivered)
Armour
 f - a +0 plate armour (worn)
 j - a +0 pair of gloves (worn)
 q - a +2 buckler (worn)
Jewellery
 m - a +4 ring of slaying (left hand)
Wands
 l - a wand of acid (9)
 n - a wand of iceblast (9)
Scrolls
 c - 5 scrolls of identify {unknown}
 h - 2 scrolls of teleportation {unknown}
 s - a scroll of blinking {unknown}
Potions
 g - a potion of ambrosia {unknown}
 i - a potion of resistance {unknown}
 o - a potion of brilliance {unknown}
 p - 2 potions of curing {unknown}
 r - a potion of invisibility {unknown}


   Skills:
 - Level 2.4 Fighting
 + Level 9.2 Bows
 - Level 2.1 Dodging
 - Level 0.7 Stealth


You had 5 spell levels left.
You didn't know any spells.
Your spell library contained the following spells:

 Spells                   Type           Power      Damage    Failure   Level
 Summon Forest            Summ/Tloc      0%         N/A       100%        5
 Eringya's Noxious Bog    Tmut/Pois      0%         N/A       100%        6
 Summon Hydra             Summ           0%         N/A       100%        7


Dungeon Overview and Level Annotations

Branches:
Dungeon (4/15)
 Temple: D:4-7

Altars:


Innate Abilities, Weirdness & Mutations

You have a pair of horns on your head.
You reflexively headbutt those who attack you in melee.


Message History

Things that are here:
a +0 flail; a +0 leather armour You closely miss the kobold.
The kobold hits you but does no damage.
You puncture the kobold! You freeze the kobold.
You kill the kobold!
The hobgoblin hits you but does no damage.
You hit the hobgoblin. You freeze the hobgoblin.
You kill the hobgoblin!
No target in view!
Things that are here:
a +0 short sword; 4 stones
Found a spear.
You now have 156 gold pieces (gained 9).
Found 19 stones.
No target in view!
Found a stone staircase leading down.
You pick up a Fen Folio and begin reading...
You add the spells Summon Forest, Eringya's Noxious Bog and Summon Hydra to your library.
The quasit gives a chilling moan.
You hear a chilling moan. x2
The quasit gives a chilling moan.
You open the door.
There is an open door here.
There is an open door here.
You open the door.
There is an open door here.
There is an open door here.
There is an open door here.
There is an open door here.
There is an open door here.
There is an open door here.
There is an open door here.
The quasit gives a chilling moan. x2; You hear a chilling moan.
The quasit gives a chilling moan. x2
You see here a +0 giant spiked club.
There is an open door here.
Done exploring.
Done exploring.
Are you sure you want to abandon this character and quit the game? (Confirm with "yes".)
Okay, then.
Are you sure you want to abandon this character and quit the game? (Confirm with "yes".)

#......# ###'###
##.###......
#..)...# #.....#
#..##.#####
###)######.....#
####'##.#
#............#
#.....#+##
#####............#
#........#
#................#
#........#
#................#
#........#
#................#
####.....#
#..^............@#
#.....#
#................#
#.....####
#................#
#...>.'...
#####............#
#.....####
#............#
#.....#
#............#
#.....#
#....(.......#
#.....#
##############
#.....# #######


There were no monsters in sight!

Vanquished Creatures
  A necrophage (D:4)
  An ogre (D:4)
  A scorpion (D:4)
  A water moccasin skeleton (D:4)
  An orc priest (D:3)
  An iguana (D:2)
  A hound skeleton (D:4)
  4 gnolls
  An adder (D:2)
  A white imp (D:4)
  2 worms (D:2)
  3 dart slugs
  5 orcs
  6 ball pythons
  6 endoplasms
  2 giant cockroaches
  4 goblins
  11 hobgoblins
  6 jackals
  A quokka (D:1)
  4 bats
  4 frilled lizards
  7 kobolds
  5 rats
79 creatures vanquished.

Notes
Turn   | Place    | Note
-------+----------+-------------------------------------------
     0 | D:1      | Grim the Minotaur Hunter began the quest for the Orb.
     0 | D:1      | Reached XP level 1. HP: 18/18 MP: 0/0
   188 | D:1      | Reached XP level 2. HP: 25/25 MP: 1/1
   278 | D:1      | Reached skill level 5 in Bows
   615 | D:2      | Reached XP level 3. HP: 25/30 MP: 2/2
   889 | D:2      | Found a faded altar of an unknown god.
   935 | D:2      | Reached skill level 6 in Bows
   960 | D:2      | Reached XP level 4. HP: 28/37 MP: 3/3
  1574 | D:3      | Reached skill level 7 in Bows
  1574 | D:3      | Reached XP level 5. HP: 39/42 MP: 4/4
  2258 | D:4      | Noticed a necrophage
  2267 | D:4      | Killed a necrophage
  2268 | D:4      | Reached skill level 8 in Bows
  2268 | D:4      | Reached XP level 6. HP: 47/50 MP: 5/5
  2276 | D:4      | Identified the +4 scale mail "Nahux" {*Slow rC+ Int+2}
  2476 | D:4      | Reached skill level 9 in Bows
  2721 | D:4      | Quit the game

Illustrated notes

Levels and vault maps discovered:
D:1:      wander_arrival_peaceful_grave, layout_rooms, serial_forest,
          infiniplex_forest_clump_curved, infiniplex_forest_clump_small,
          infiniplex_forest_clump_medium, infiniplex_forest_straight_3,
          hangedman_decor_points
D:2:      layout_basic, shapermc_ecumenical_altar_flowoftime,
          cheibrodos_gnoll_hut
D:3:      layout_loops_corners, grunt_decor_cap, kennysheep_generic_room_2
D:4:      cheibrodos_quashed, layout_basic

Skill      XL: |  1  2  3  4  5  6 |
---------------+-------------------+-----
Bows           | 5 6 7 8 9 |  9.2
Fighting       | |  2.4
Dodging        | |  2.1
Stealth        | |  0.7

Action                   |  1- 3 |  4- 6 || total
-------------------------+-------+-------++-------
Melee: Short sword       |    13 |       ||    13
       Trident           |    10 |    54 ||    64
       Headbutt          |     1 |     2 ||     3
 Fire: Shortbow          |    60 |    46 ||   106
Armor: Leather armour    |     6 |       ||     6
       Plate armour      |    15 |    21 ||    36
Dodge: Dodged            |     5 |    11 ||    16
Block: Buckler           |       |     4 ||     4

Table legend: (Time is in decaauts)
 A = Elapsed time spent in this place.
 B = Non-inter-level travel time spent in this place.
 C = Inter-level travel time spent in this place.
 D = Time resting spent in this place.
 E = Time spent auto-exploring this place.
 F = Levels seen in this place.
 G = Mean time per level.
                   A        B        C        D        E       F      G
               +--------+--------+--------+--------+--------+-----+--------+
         Total |   2717 |   2636 |     81 |      0 |   2138 |   4 |  679.2 |
       Dungeon |   2717 |   2636 |     81 |      0 |   2138 |   4 |  679.2 |
               +--------+--------+--------+--------+--------+-----+--------+

Top non-repeatable levels by time:
     D:3: 848 daAuts
     D:2: 692 daAuts
     D:4: 656 daAuts
     D:1: 520 daAuts
